 Dungeon Crawl Stone Soup version 0.24.0-124-g2791043dd8 (webtiles) character file.

Game seed: 17817934104070396482, levelgen mode: deterministic

262 Frank2 the Cudgeler (level 5, -2/39 HPs)
             Began as a Demonspawn Gladiator on Feb 16, 2020.
             Slain by an orc
             ... wielding a +1 war axe of distortion
              (21 damage)
             ... on level 3 of the Dungeon.
             The game lasted 00:05:19 (3525 turns).

Frank2 the Cudgeler (Demonspawn Gladiator)          Turns: 3525, Time: 00:05:20

Health: -2/39      AC: 15    Str: 14    XL:     5   Next: 97%
Magic:  5/5        EV:  7    Int:  9    God:
Gold:   176        SH:  0    Dex: 16    Spells: 4/4 levels left

rFire    . . .     SeeInvis .   a - +0 flail
rCold    . . .     Gourm    .   (no shield)
rNeg     . . .     Faith    .   k - +0 chain mail
rPois    .         Spirit   .   c - +0 helmet
rElec    .         Reflect  .   (no cloak)
rCorr    .         Harm     .   (no gloves)
MR       .....                  (no boots)
Stlth    ..........             (no amulet)
HPRegen  0.13/turn              (no ring)
MPRegen  0.09/turn              (no ring)

@: sanguine armour
A: talons 1, rot immunity, sanguine armour 1
a: no special abilities


You were on level 3 of the Dungeon.
You were hungry.

You visited 1 branch of the dungeon, and saw 3 of its levels.

You collected 176 gold pieces.

Inventory:

Hand Weapons
 a - a +0 flail (weapon)
Missiles
 d - 2 throwing nets (quivered)
Armour
 c - a +0 helmet (worn)
 k - a +0 chain mail (worn)
Scrolls
 e - a scroll of amnesia
 h - a scroll of identify
 l - 4 scrolls of remove curse
Potions
 b - 5 potions of curing {unknown}
 g - a potion of berserk rage {unknown}
 i - 2 potions of mutation {unknown}
 j - 2 potions of invisibility
 n - a potion of resistance {unknown}
Comestibles
 f - 3 rations


   Skills:
 + Level 2.7 Fighting
 + Level 4.7 Maces & Flails
 - Level 1.7 Throwing
 + Level 2.0 Armour
 + Level 3.6 Dodging


You had 4 spell levels left.
You didn't know any spells.
Your spell library contained the following spells:

 Spells                   Type           Power        Failure   Level  Hunger
 Magic Dart               Conj           #...         100%        1    ##.....
 Blink                    Tloc           N/A          100%        2    ###....
 Call Imp                 Summ           #.......     100%        2    ###....
 Slow                     Hex            #.......     100%        2    ###....
 Conjure Flame            Conj/Fire      #.......     100%        3    ####...
 Mephitic Cloud           Conj/Pois/Air  #.......     100%        3    ####...


Dungeon Overview and Level Annotations

Branches:
Dungeon (3/15)

Altars:
Kikubaaqudgha
Xom


Innate Abilities, Weirdness & Mutations

You have sharp toenails.
You are immune to rotting.
When seriously injured, your bleeding wounds create armour. (AC +6)


Message History

The orc priest looks braver for a moment.
The orc priest calls down the wrath of Beogh upon you.
Beogh smites you!
An orc comes into view.
It is wielding a +1 war axe of distortion.
The orc shouts!
You sock the orc!
You kill the orc!
The orc priest invokes the aid of Beogh against you.
Pain shoots through your body!
Your blood congeals into armour.
The orc hits you but does no damage.
The orc priest hits you with a +0 flail.
You see here a +0 dagger of pain.
You hit the orc priest.
The orc priest is moderately wounded.
The orc hits you but does no damage.
Unknown command.
You closely miss the orc. Your kick misses the orc.
The orc hits you but does no damage. x2; Space warps horribly around you!!
Ouch! That really hurt!
You die...

....#.# #.# #...####### #.##
....#.###.# #...###########...
>.........# #...##...........#
#.###.##### #...##.#########..
...##)##########...##.# ##.
.P.P...........#.)....# #.
.......#######.##..######## #.
.#..P..# #.##.[.).....######.
###P..## #oo@................
.....P.#######.o#.##########''###
.......#..........# ##⌠⌠⌠..⌠⌠⌠
._..##.#.#####..### ##⌠⌠⌠⌠.)⌠⌠⌠
.....#.#.# #..# ##⌠⌠⌠⌠⌠.)))⌠
######.#.# #..# ##⌠⌠⌠⌠⌠⌠..⌠⌠⌠
.......#.## #..# ##⌠⌠⌠⌠⌠⌠⌠..⌠⌠⌠
#####.##..# #..####⌠⌠⌠⌠⌠⌠⌠⌠..⌠⌠⌠
#.###.####)....#⌠⌠⌠⌠⌠⌠⌠⌠..⌠⌠⌠


You could see an orc priest and 2 orcs.

Vanquished Creatures
  An orc priest (D:3)
  3 orc wizards (D:3)
  5 adders (D:2)
  A worm (D:3)
  3 dart slugs
  4 leopard geckos
  14 orcs
  10 bats
  3 giant cockroaches
  9 goblins
  6 hobgoblins
  3 jackals (D:2)
  A ball python (D:1)
  3 frilled lizards
  7 kobolds
  9 rats
82 creatures vanquished.

Vanquished Creatures (others)
  5 dream sheep (D:3)
5 creatures vanquished.

Grand Total: 87 creatures vanquished

Notes
Turn   | Place    | Note
-------+----------+-------------------------------------------
     0 | D:1      | Frank2 the Demonspawn Gladiator began the quest for the
                  | Orb.
     0 | D:1      | Reached XP level 1. HP: 16/16 MP: 1/1
   109 | D:1      | Reached skill level 3 in Maces & Flails
   285 | D:1      | Gained mutation: When seriously injured, your bleeding
                  | wounds create armour. (AC +6) [demonic ancestry]
   285 | D:1      | Reached XP level 2. HP: 19/22 MP: 2/2
   613 | D:1      | Reached XP level 3. HP: 24/27 MP: 3/3
  1307 | D:2      | Gained mutation: You are immune to rotting. [demonic
                  | ancestry]
  1307 | D:2      | Reached XP level 4. HP: 17/34 MP: 4/4
  1820 | D:2      | Reached skill level 1 in Armour
  2245 | D:2      | Reached skill level 4 in Maces & Flails
  2429 | D:3      | Gained mutation: You have sharp toenails. [demonic
                  | ancestry]
  2429 | D:3      | Reached XP level 5. HP: 14/39 MP: 5/5
  2673 | D:3      | HP: 1/39 [orc priest/divine providence (9)]
  2691 | D:3      | HP: 1/39 [orc/+0 trident (5)]
  3076 | D:3      | Found an ancient bone altar of Kikubaaqudgha.
  3114 | D:3      | Noticed a dream sheep
  3114 | D:3      | Noticed a dream sheep
  3114 | D:3      | Noticed a dream sheep
  3114 | D:3      | Noticed a dream sheep
  3114 | D:3      | Noticed a dream sheep
  3114 | D:3      | Found a shimmering altar of Xom.
  3120 | D:3      | Killed a dream sheep
  3120 | D:3      | Killed a dream sheep
  3120 | D:3      | Killed a dream sheep
  3120 | D:3      | Killed a dream sheep
  3120 | D:3      | Killed a dream sheep
  3525 | D:3      | Slain by an orc

Levels and vault maps discovered:
D:1:      psy_arrival_basics, layout_basic
D:2:      layout_loops_ring
D:3:      kennysheep_big_flooded_room, layout_loops_ring,
          kiku_gazebo_garden_becter, kb_xom_exploding_sheep,
          minmay_misc_feat_rows, chequers_jeans

Skill      XL: |  1  2  3  4  5 |
---------------+----------------+-----
Maces & Flails | 3 4 |  4.7
Dodging        | 3 |  3.6
Armour         | 1 2 |  2.0
Fighting       | |  2.7
Throwing       | |  1.7

Action                   |  1- 3 |  4- 6 || total
-------------------------+-------+-------++-------
Melee: Flail             |   145 |   161 ||   306
       Kick              |       |    15 ||    15
Throw: Throwing net      |     2 |       ||     2
  Use: Scroll            |     4 |     2 ||     6
       Potion            |       |     2 ||     2
 Stab: Sleeping          |     1 |       ||     1
       Invisible         |       |     3 ||     3
  Eat: Chunk             |     1 |     7 ||     8
Armor: Leather armour    |    21 |       ||    21
       Ring mail         |    44 |    58 ||   102
       Chain mail        |       |    28 ||    28
Dodge: Dodged            |   131 |   116 ||   247
